 Dungeon Crawl Stone Soup version 0.31-a0-971-g75a2e9a4b4 (webtiles) character file.

Game seed: 17476641543591923661

103368 Monkooky the Bludgeoner (level 16, -2/78 HPs)
             Began as a Vine Stalker Delver on Oct 29, 2023.
             Was the Champion of Hepliaklqana.
             Hit by a silver javelin thrown by a merfolk javelineer (3 damage)
             ... on level 2 of the Shoals.
             The game lasted 01:14:22 (22901 turns).

Monkooky the Bludgeoner (Vine Stalker Delver)      Turns: 22901, Time: 01:14:23

Health: -2/78      AC: 34    Str: 28    XL:     16   Next: 35%
Magic:  0/29       EV: 17    Int: 16    God:    Hepliaklqana [******]
Gold:   651        SH:  0    Dex: 18    Spells: 15/15 levels left

rFire   . . .        U - +8 great mace "Lyihusk" {speed, rCorr Str+2}
rCold   + + .        (shield currently unavailable)
rNeg    . . .        W - +12 chain mail "Coeps" {*Corrode Will+ Str+5 Int+6}
rPois   .            o - +2 helmet
rElec   .            E - +2 cloak
rCorr   +            O - +1 pair of gloves of Tenacity {Will+}
SInv    .            Q - +2 pair of boots
Will    ++++.        G - amulet of faith
Stlth   +            I - +5 ring of evasion
HPRegen 1.13/turn    X - ring "Mynlyem" {rC++ MP+9}
MPRegen 0.21/turn

%: corrode self (3%), guardian spirit, faith
@: no status effects
A: reduced essence, fangs 3, regeneration 1, magic shield, antimagic bite, no
potion heal 2
a: Renounce Religion, Recall Ancestor, Ancestor Identity, Transference, Idealise


You were on level 2 of the Shoals.
You worshipped Hepliaklqana.
Hepliaklqana was exalted by your worship.
You visited 5 branches of the dungeon, and saw 24 of its levels.
You also visited: Gauntlet.

You collected 2563 gold pieces.
You spent 1912 gold pieces at shops.

Inventory:

Hand Weapons
 U - the +8 great mace "Lyihusk" (weapon) {speed, rCorr Str+2}
   (You bought it in a shop on level 2 of the Dungeon)

   Str+2:     It affects your strength (+2).
   rCorr:     It protects you from acid and corrosion.
Missiles
 j - 8 silver javelins
 l - 4 curare-tipped darts
 F - 2 throwing nets
Armour
 n - a scarf of resistance
 o - a +2 helmet (worn)
 E - a +2 cloak (worn)
 O - the +1 pair of gloves of Tenacity (worn) {Will+}
   (You acquired it on level 12 of the Dungeon)

   Will+:     It increases your willpower.
 Q - a +2 pair of boots (worn)
 W - the +12 chain mail "Coeps" (worn) {*Corrode Will+ Str+5 Int+6}
   (You took it off a minotaur in a Gauntlet)

   Str+5:     It affects your strength (+5).
   Int+6:     It affects your intelligence (+6).
   Will+:     It increases your willpower.
   *Corrode:  It may corrode you when you take damage.
Jewellery
 h - the ring "Vefes" {*Corrode rC+ Str+6 Dex+2 Stlth+}
   (You found it in a Gauntlet)

   [ring of strength]

   Str+6:     It affects your strength (+6).
   Dex+2:     It affects your dexterity (+2).
   rC+:       It protects you from cold.
   *Corrode:  It may corrode you when you take damage.
   Stlth+:    It makes you more stealthy.
 s - a ring of protection from fire
 y - the ring "Uneac" {rPois Str+6 Int+4 Dex+3 Slay-6}
   (You found it in a Gauntlet)

   [ring of strength]

   Str+6:     It affects your strength (+6).
   Int+4:     It affects your intelligence (+4).
   Dex+3:     It affects your dexterity (+3).
   Slay-6:    It affects your accuracy & damage with ranged weapons and melee
   (-6).
   rPois:     It protects you from poison
 z - a +5 ring of evasion
 G - an amulet of faith (around neck)
 I - a +5 ring of evasion (left hand)
 J - an amulet of reflection
 L - a +6 ring of intelligence
 R - the ring "Uhieseiv" {Wiz Contam rPois SInv}
   (You found it in a Gauntlet)

   [ring of wizardry]

   Wiz:       It improves your spell success rate.
   rPois:     It protects you from poison SInv: It lets you see invisible.
   Contam:    It causes magical contamination when unequipped.
 X - the ring "Mynlyem" (right hand) {rC++ MP+9}
   (You found it on level 5 of the Lair of Beasts)

   [ring of magical power]

   rC++:      It greatly protects you from cold.
   MP+9:      It affects your magic capacity (+9).
Talismans
 B - a talisman of death
 P - a granite talisman
Wands
 a - a wand of roots (3)
 e - a wand of light (1)
 g - a wand of digging (4)
 x - a wand of flame (25) (quivered)
Scrolls
 b - 2 scrolls of enchant armour
 c - 7 scrolls of fog
 d - 4 scrolls of revelation
 i - 2 scrolls of blinking
 m - 6 scrolls of immolation
 p - a scroll of torment
 q - 5 scrolls of noise
 t - 2 scrolls of amnesia
 A - a scroll of silence
 H - 5 scrolls of teleportation
 T - 2 scrolls of vulnerability
 V - 3 scrolls of poison
 Z - a scroll of fear
Potions
 f - 3 potions of haste
 k - 4 potions of mutation
 r - 5 potions of brilliance
 u - 7 potions of enlightenment
 v - a potion of magic
 w - 4 potions of lignification
 C - 4 potions of attraction
 D - 3 potions of resistance
 K - 4 potions of cancellation
 N - 2 potions of might
 S - 2 potions of curing
Miscellaneous
 M - a box of beasts (inert)
 Y - a condenser vane


   Skills:
 - Level 11.0 Fighting
 - Level 1.8 Short Blades
 - Level 20.0 Maces & Flails
 * Level 6.6 Armour
 + Level 6.1 Dodging
 - Level 6.0 Stealth
 - Level 4.0 Invocations
 - Level 9.0 Evocations


You had 15 spell levels left.
You didn't know any spells.
Your spell library contained the following spells:

 Spells                   Type           Power      Damage    Failure   Level
 Apportation              Tloc           0%         N/A       69%         1
 Summon Small Mammal      Summ           0%         N/A       69%         1
 Jinxbite                 Hex            0%         N/A       83%         2
 Poisonous Vapours        Pois/Air       0%         N/A       83%         2
 Sublimation of Blood     Necr           0%         N/A       83%         2
 Wereblood                Tmut           0%         N/A       83%         2
 Call Canine Familiar     Summ           0%         N/A       96%         3
 Dazzling Flash           Conj/Hex       0%         N/A       96%         3
 Frozen Ramparts          Ice            0%         1d1       96%         3
 Gell's Gravitas          Tloc           0%         N/A       96%         3
 Mephitic Cloud           Conj/Pois/Air  0%         N/A       96%         3
 Summon Guardian Golem    Hex/Summ       0%         N/A       96%         3
 Teleport Other           Tloc           0%         N/A       96%         3
 Tukima's Dance           Hex            0%         N/A       96%         3
 Volatile Blastmotes      Fire/Tloc      0%         2d10      96%         3
 Dimensional Bullseye     Hex/Tloc       0%         N/A       100%        4
 Fulminant Prism          Conj/Hex       0%         3d5       100%        4
 Iskenderun's Mystic Bla  Conj/Tloc      0%         2d3       100%        4
 Petrify                  Tmut/Erth      0%         N/A       100%        4
 Alistair's Intoxication  Tmut/Pois      0%         N/A       100%        5
 Borgnjor's Vile Clutch   Necr/Erth      0%         N/A       100%        5
 Freezing Cloud           Conj/Ice/Air   0%         6-21      100%        5
 Metabolic Englaciation   Hex/Ice        0%         N/A       100%        5
 Dispersal                Tloc           0%         N/A       100%        6
 Eringya's Noxious Bog    Tmut/Pois      0%         4d6       100%        6
 Starburst                Conj/Fire      0%         6d3       100%        6
 Summon Hydra             Summ           0%         N/A       100%        7
 Maxwell's Capacitive Co  Air            0%         ∞         100%        8


Dungeon Overview and Level Annotations

Branches:
Dungeon (14/15)            Temple (1/1) D:4            Lair (5/5) D:10
 Shoals (2/4) Lair:3       Spider (0/4) Lair:3        Slime (0/5) Lair:5
    Orc (2/2) D:10            Elf (0/3) Orc:2        Vaults (0/5) D:14
Gauntlet (visited)

Altars:
Ashenzari
Cheibriados
Dithmenos
Fedhas
Gozag
Hepliaklqana
Makhleb
Nemelex Xobeh
Okawaru
Qazlal
Ru
Sif Muna
Trog
Uskayaw
Vehumet
Wu Jian
Xom
Yredelemnul
Zin
The Shining One
Jiyva

Shops:
D:2 (   D:5 =*   Orc:2 (*:

Annotations:
D:6 exclusions: gargoyle, orc priest and 2 more exclusions
D:9 2 runed translucent doors
D:12 2 runed translucent doors, SirDiesAlot's ghost, journeyman BaFE
Lair:1 exclusions: death yak and 1 more exclusion
Lair:3 exclusions: 2 hydras and merfolk siren
Shoals:1 2 runed translucent doors, Unonal's ghost, adept TeAE


Innate Abilities, Weirdness & Mutations

Your life essence is reduced to manifest your ancestor. (-10% HP)
You have razor-sharp teeth.
Your natural rate of healing is unusually fast.
When hurt, damage is shared between your health and your magic reserves.
Your bite disrupts and absorbs the magic of your enemies.
Potions cannot restore your health.


Message History

The merfolk javelineer throws a silver javelin.
The silver javelin pierces through you!
* * * LOW HITPOINT WARNING * * *
Your mature stingox beast stings the merfolk javelineer from afar.
Unknown command.
Aiming: Throw Flame
Press: ? - help, Q - select action, (/) - cycle Shift-Dir - straight line, f - merfolk javelineer
Aim: a merfolk javelineer, wielding a +2 spear of venom, wearing a +0 leather armour and quivering silver javelins (heavily wounded, ally target, 70% to hit)
The puff of flame hits the merfolk javelineer!
The merfolk javelineer is severely wounded.
The merfolk javelineer is engulfed in a cloud of scalding steam.
The merfolk javelineer throws a silver javelin.
The silver javelin pierces through you.
* * * LOW HITPOINT WARNING * * *
The manticore bites you!
* * * LOW HITPOINT WARNING * * *
The manticore barely misses you.
The manticore claws you but does no damage.
Your mature stingox beast splashes around in the water.
Unknown command.
Okay, then.
Okay, then.
Read: 2 scrolls of fear
Press: ? - help, Dir - look around, f - activate Look: a merfolk javelineer, wielding a +2 spear of venom, wearing a +0 leather armour and quivering silver javelins (steam, severely wounded, ally target, chance to affect: 79%)
Okay, then.
Unknown command.
Read: 2 scrolls of fear
Press: ? - help, Dir - look around, f - activate Look: a merfolk javelineer, wielding a +2 spear of venom, wearing a +0 leather armour and quivering silver javelins (steam, severely wounded, ally target, chance to affect: 79%)
As you read the scroll of fear, it crumbles to dust.
You assume a fearsome visage.
The merfolk javelineer easily resists.
The manticore looks frightened!
You carefully extract the barbed spikes from your body.
Your surroundings suddenly seem different.
The merfolk javelineer is engulfed in a cloud of scalding steam.
The merfolk javelineer throws a silver javelin.
The silver javelin pierces through you!
* * * LOW HITPOINT WARNING * * *
You die...

≈~~~.##.≈≈.~~..≈≈≈≈≈..... .~~~~≈≈
≈~~.†##.H.H~..~~~~~~....# #.~~~≈≈
≈~~..####.~..~.[....~...# #.~~≈≈≈
≈~~..# #.m.....##...~~~.###.~~≈≈≈
~~~..###...##..###...~~..##.~~≈≈~
~###.................[~~....~~≈~~
~.##....~~..)....~~~~~~~~~~~~~≈..
..##.~~~~~~~.~~..~~~~~~~†~~~~≈~.#
.....<~~~~~~~...@~.~)~~~~≈≈≈≈≈~.#
.###.~~~.~~~..##.~~.~~~~~≈≈~~~~~.
## #.~~~~~~!####.~~~~~~~?~~~.~~~)
.###..~~~~.## ##.~~~~~~..~~~~~~.
......~~...# ##..##.~~~~~~~≈~~~
~~...~~~..>### #....##.~~~~~~≈~~~
~~~.~~~~~....###.~~....~~.~~~~~~~
~~.......~........~~~~..~~.~~~~~~
~...###..~~~~......~~~~~~~~~~~≈≈~


You could see a merfolk javelineer and a manticore (fleeing).

Vanquished Creatures
  Rupert (D:13)
  An ironbound thunderhulk (D:14)
  A minotaur (Gauntlet)
  A blizzard demon (Gauntlet)
  3 merfolk javelineers
  4 merfolk impalers
  Josephine (D:12)
  A vault guard (D:14)
  A merfolk avatar (Shoals:1)
  A boulder beetle (D:14)
  3 hydras (Lair:5)
  A catoblepas (D:13)
  5 centaur warriors
  A death knight (D:14)
  A two-headed ogre (D:11)
  2 tengu warriors
  4 skysharks
  6 sea snakes
  A sixfirhy (Gauntlet)
  A goliath frog (Lair:5)
  4 skeletal warriors
  A lindwurm (Lair:4)
  3 harpies (Shoals:1)
  A deep elf zephyrmancer (D:13)
  4 deep elf pyromancers
  An orc knight (Orc:2)
  13 ugly things (D:14)
  5 cyclopes
  An orc sorcerer (Orc:2)
  A faun (Shoals:2)
  4 manticores (Shoals:2)
  A salamander (shapeshifter) (D:13)
  5 black mambas
  A water nymph (Shoals:1)
  5 elephants (Lair:5)
  A torpor snail (Lair:5)
  21 cane toads
  4 rime drakes
  A minotaur zombie (Gauntlet)
  15 komodo dragons
  2 freezing wraiths (D:14)
  2 tengu conjurers
  2 tyrant leeches (Lair:5)
  9 merfolk
  A polar bear (Lair:5)
  2 snapping turtles
  6 trolls
  A wind drake (Shoals:2)
  A raiju (shapeshifter) (D:14)
  13 blink frogs
  8 slime creatures (D:14)
  A shadow (D:9)
  A water elemental (Shoals:1)
  A culicivora (shapeshifter) (D:14)
  2 culicivoras (Lair:3)
  3 wyverns
  A centaur simulacrum (D:14)
  A vampire (D:13)
  A human (D:14)
  6 wraiths
  5 basilisks
  59 yaks
  Grum (D:11)
  A steam dragon (D:9)
  16 vampire mosquitoes
  A warg (Orc:1)
  3 swamp worms (Gauntlet)
  2 acid dragons
  6 water moccasins
  27 orc warriors
  2 sky beasts
  A swamp drake (Lair:5)
  A black bear (Lair:1)
  6 ogres
  13 wolves
  14 centaurs
  A phantom (D:7)
  A kobold brigand (D:7)
  20 bullfrogs
  2 gnoll sergeants
  5 wights (D:8)
  6 killer bees
  5 howler monkeys
  A howler monkey (shapeshifter) (D:13)
  An electric eel (Lair:5)
  A lava snake (D:14)
  8 orc priests
  3 hounds (D:7)
  3 jellies
  3 iguanas
  19 orc wizards
  3 mutant beasts (D:7)
  Robin (D:3)
  5 adders
  4 gnolls
  A white imp (D:5)
  3 ufetubi
  A worm (D:3)
  A dart slug (D:4)
  40 orcs
  7 endoplasms
  3 giant cockroaches
  11 goblins
  5 hobgoblins
  3 jackals (D:3)
  A quokka (D:3)
  A ball python (D:1)
  5 bats
  A frilled lizard (D:3)
  5 kobolds
  5 rats
539 creatures vanquished.

Vanquished Creatures (collateral kills)
  A merfolk javelineer (Shoals:2)
  2 hydras
  A catoblepas (Lair:4)
  A boulder beetle (D:13)
  A skyshark (Lair:3)
  A harpy (Shoals:1)
  An orc sorcerer (Orc:1)
  2 manticores
  2 black mambas
  An elephant (Lair:5)
  4 cane toads
  2 komodo dragons
  2 unseen horrors (D:10)
  A tyrant leech (Lair:5)
  A polar bear (Lair:2)
  A meliai (shapeshifter) (D:13)
  A blink frog (Lair:5)
  Grinder (D:5)
  A snapping turtle (Shoals:1)
  A vampire (D:10)
  A culicivora (Lair:3)
  2 wyverns
  Eustachio (D:4)
  8 yaks
  A basilisk (Lair:2)
  2 steam dragons
  A warg (D:10)
  2 water moccasins
  3 acid dragons
  An ice beast (D:6)
  6 orc warriors
  A sky beast (D:7)
  A black bear (Lair:3)
  2 wolves
  A phantom (D:7)
  4 bullfrogs
  2 killer bees
  2 howler monkeys
  A jelly (D:6)
  2 orc priests
  A sleepcap (D:6)
  A gnoll bouda (D:7)
  A hound (D:5)
  2 iguanas
  4 orc wizards
  A mutant beast (D:7)
  8 gnolls
  An adder (D:5)
  A white imp (D:6)
  An ufetubus (Gauntlet)
  A dart slug (D:3)
  15 orcs
  A goblin (D:4)
  3 hobgoblins
  A jackal (D:3)
  3 kobolds
  A quokka (D:3)
118 creatures vanquished.

Vanquished Creatures (others)
  A mutant beast (D:7)
  13 knights
  5 orcs
  2 kobolds (D:7)
21 creatures vanquished.

Grand Total: 678 creatures vanquished

Notes
Turn   | Place    | Note
-------+----------+-------------------------------------------
     0 | D:5      | Monkooky the Vine Stalker Delver began the quest for the
                  | Orb.
     0 | D:5      | Reached XP level 1. HP: 11/11 MP: 2/2
   250 | D:2      | Found Guliq's Weapon Boutique.
   467 | D:2      | Identified the +0 ring mail of Weightlessness {rCorr
                  | Stlth+}
   528 | D:1      | Reached skill level 1 in Maces & Flails
   598 | D:1      | Reached XP level 2. HP: 16/16 MP: 3/3
   761 | D:1      | Reached skill level 2 in Maces & Flails
   911 | D:1      | Reached XP level 3. HP: 19/19 MP: 4/4
  1281 | D:2      | Found a faded altar of an unknown god.
  1289 | D:2      | Prayed at the altar of an unknown god.
  1289 | D:2      | Became a worshipper of Hepliaklqana the Forgotten
  1289 | D:2      | Reached * piety under Hepliaklqana
  1529 | D:3      | Found a glowing golden altar of the Shining One.
  1858 | D:3      | Found a basalt altar of Yredelemnul.
  1875 | D:3      | Reached ** piety under Hepliaklqana
  1876 | D:3      | Remembered your ancestor Thabo as a knight
  1964 | D:3      | Found a sacrificial altar of Ru.
  2088 | D:3      | Noticed Robin
  2106 | D:3      | Reached skill level 3 in Maces & Flails
  2110 | D:3      | Killed Robin
  2111 | D:3      | Reached XP level 4. HP: 17/20 MP: 2/5
  2512 | D:4      | Found a staircase to the Ecumenical Temple.
  2604 | D:4      | Reached skill level 4 in Maces & Flails
  2619 | D:4      | Reached XP level 5. HP: 24/24 MP: 6/6
  3028 | D:5      | Reached skill level 5 in Maces & Flails
  3028 | D:5      | Reached XP level 6. HP: 20/28 MP: 4/7
  3140 | D:5      | Found a radiant altar of Vehumet.
  3422 | D:5      | Noticed Grinder
  3438 | D:5      | Reached XP level 7. HP: 27/33 MP: 5/8
  3633 | D:5      | Noticed Eustachio
  3686 | D:4      | Killed Eustachio
  3796 | D:5      | Found Gayruq's General Store.
  3804 | D:5      | Bought a scroll of immolation for 40 gold pieces
  3943 | D:5      | Killed Grinder
  3944 | D:5      | Reached skill level 5 in Fighting
  3999 | D:5      | Found Deroteuw's Jewellery Boutique.
  4125 | D:6      | Found a broken altar of Ashenzari.
  4130 | D:6      | Gained mutation: You have razor-sharp teeth. [Vine Stalker
                  | growth]
  4130 | D:6      | Reached XP level 8. HP: 38/38 MP: 9/9
  4173 | D:6      | Reached skill level 6 in Maces & Flails
  4258 | D:6      | Reached *** piety under Hepliaklqana
  4411 | D:6      | Noticed a gargoyle
  4492 | D:6      | Noticed a +0 spear
  4492 | D:6      | Noticed a +0 short sword
  4492 | D:6      | Noticed a +0 dagger
  4493 | D:6      | Noticed a +0 falchion
  4493 | D:6      | Noticed a +0 falchion
  4493 | D:6      | Noticed a +0 dagger
  4493 | D:6      | Noticed a +0 spear
  4494 | D:6      | Noticed a +0 short sword
  4499 | D:6      | Found a hide-covered altar of Uskayaw.
  4638 | D:6      | Reached skill level 1 in Invocations
  4938 | Temple   | Entered the Ecumenical Temple
  5029 | D:7      | Found a hazy altar of Hepliaklqana.
  5061 | D:7      | Found an ornate altar of the Wu Jian Council.
  5243 | D:7      | Reached skill level 7 in Maces & Flails
  5286 | D:7      | Reached XP level 9. HP: 42/42 MP: 13/13
  5329 | D:7      | Noticed a juvenile shockox beast
  5777 | D:7      | Killed a juvenile shockox beast
  5778 | D:7      | Reached skill level 8 in Maces & Flails
  6010 | D:8      | Found a sparkling altar of Nemelex Xobeh.
  6010 | D:8      | Found an opulent altar of Gozag.
  6092 | D:8      | Reached **** piety under Hepliaklqana
  6609 | D:8      | Reached skill level 1 in Evocations
  6800 | D:9      | Reached XP level 10. HP: 38/47 MP: 10/14
  6828 | D:9      | Reached skill level 9 in Maces & Flails
  6980 | D:9      | Reached skill level 10 in Maces & Flails
  7109 | D:9      | Identified the +3 sling of the Vestibule of Hell {elec,
                  | Dex+3}
  7128 | D:9      | Found a large runed translucent door.
  7133 | D:9      | Found a large runed translucent door.
  7415 | D:9      | Reached skill level 11 in Maces & Flails
  7535 | D:10     | Entered Level 10 of the Dungeon
  7684 | D:10     | Reached ***** piety under Hepliaklqana
  7766 | D:10     | Reached XP level 11. HP: 52/52 MP: 15/15
  7874 | D:10     | Reached skill level 12 in Maces & Flails
  7948 | D:10     | Reached skill level 1 in Armour
  7989 | D:10     | Found a staircase to the Orcish Mines.
  8253 | D:10     | Found a staircase to the Lair.
  8492 | Orc:1    | Entered Level 1 of the Orcish Mines
  8508 | Orc:1    | Noticed an orc sorcerer
  8518 | Orc:1    | Killed an orc sorcerer
  8522 | Orc:1    | Noticed a cyclops
  8671 | Lair:1   | Entered Level 1 of the Lair of Beasts
  8836 | Lair:1   | Reached skill level 13 in Maces & Flails
  9244 | Lair:1   | Noticed a death yak
  9295 | Lair:1   | Noticed a death yak
  9667 | Lair:2   | Reached skill level 14 in Maces & Flails
  9667 | Lair:2   | Reached XP level 12. HP: 56/56 MP: 16/16
  9873 | Lair:2   | Noticed a four-headed hydra
 10070 | Lair:2   | Killed a four-headed hydra
 10183 | Lair:2   | Found a shimmering altar of Xom.
 10253 | Lair:2   | Reached skill level 10 in Fighting
 10559 | Lair:3   | Noticed a four-headed hydra
 10675 | Lair:3   | Found a hole to the Spider Nest.
 10681 | Lair:3   | Noticed a four-headed hydra
 10694 | Lair:3   | Reached skill level 5 in Evocations
 10959 | Lair:3   | Noticed a skyshark
 10968 | Lair:3   | Killed a skyshark
 10974 | Lair:3   | Found a staircase to the Shoals.
 11047 | Lair:3   | Reached ****** piety under Hepliaklqana
 12148 | Lair:4   | Noticed a catoblepas
 12160 | Lair:4   | Killed a catoblepas
 12235 | Lair:4   | Reached XP level 13. HP: 25/64 MP: 12/17
 13118 | Lair:5   | Entered Level 5 of the Lair of Beasts
 14131 | D:2      | Bought the +8 great mace "Lyihusk" {speed, rCorr Str+2} for
                  | 991 gold pieces
 14326 | D:11     | Reached skill level 15 in Maces & Flails
 14658 | Lair:5   | Reached XP level 14. HP: 71/71 MP: 18/18
 14681 | Lair:5   | Found a viscous altar of Jiyva.
 14682 | Lair:5   | Found a staircase to the Slime Pits.
 14729 | Lair:5   | Reached skill level 16 in Maces & Flails
 15336 | Lair:5   | Identified the ring "Mynlyem" {rC++ MP+9}
 15342 | Lair:5   | Identified the +4 ring mail of the Tuna {-Tele Rampage Fly
                  | Dex+5}
 16011 | D:11     | Reached skill level 17 in Maces & Flails
 16146 | D:11     | Noticed Grum
 16154 | D:11     | Killed Grum
 16606 | D:12     | Identified a scroll of acquirement
 16607 | D:12     | Acquired the +1 pair of gloves of Tenacity {Will+}
 16804 | D:5      | Bought a wand of roots (3) for 72 gold pieces
 17359 | Orc:2    | Entered Level 2 of the Orcish Mines
 17871 | Orc:2    | Found a staircase to the Elven Halls.
 18019 | Orc:2    | Reached skill level 18 in Maces & Flails
 18160 | Orc:2    | Found Vymaedgh's Magic Scroll Shoppe.
 18160 | Orc:2    | Found Cievoth's Assorted Antiques.
 18162 | Orc:2    | Found Joicoa's Weapon Boutique.
 18164 | Orc:2    | Found Robbin's Book Emporium.
 18168 | Orc:2    | Bought a scroll of blinking for 105 gold pieces
 18168 | Orc:2    | Bought a scroll of blinking for 105 gold pieces
 18168 | Orc:2    | Bought a scroll of poison for 56 gold pieces
 18175 | Orc:2    | Bought 4 curare-tipped darts for 81 gold pieces
 18178 | Orc:2    | Bought a scroll of fog for 56 gold pieces
 18178 | Orc:2    | Bought a scroll of teleportation for 42 gold pieces
 18178 | Orc:2    | Bought a scroll of enchant armour for 105 gold pieces
 18178 | Orc:2    | Bought a scroll of teleportation for 42 gold pieces
 18178 | Orc:2    | Bought a scroll of enchant armour for 105 gold pieces
 18178 | Orc:2    | Bought a scroll of identify for 28 gold pieces
 18178 | Orc:2    | Bought a scroll of identify for 28 gold pieces
 18178 | Orc:2    | Bought a scroll of identify for 28 gold pieces
 18178 | Orc:2    | Bought a scroll of identify for 28 gold pieces
 18322 | D:12     | Found a runed translucent door.
 18322 | D:12     | Noticed SirDiesAlot's ghost (journeyman BaFE)
 18403 | D:12     | Noticed Josephine
 18414 | D:12     | Killed Josephine
 18440 | D:12     | Reached XP level 15. HP: 73/73 MP: 19/19
 18663 | D:12     | Found a runed translucent door.
 18954 | D:13     | Noticed Rupert
 19078 | D:13     | Killed Rupert
 19449 | D:13     | Reached skill level 19 in Maces & Flails
 19927 | D:14     | Found a gate leading to a gauntlet.
 19931 | Gauntlet | Entered a Gauntlet
 19931 | Gauntlet | Found a transporter.
 19933 | Gauntlet | Found a large runed translucent door.
 19934 | Gauntlet | Found a large runed translucent door.
 19935 | Gauntlet | Found a large runed translucent door.
 19935 | Gauntlet | Found a large runed translucent door.
 19935 | Gauntlet | Found a runed translucent door.
 19935 | Gauntlet | Found a runed translucent door.
 19936 | Gauntlet | Found a large runed translucent door.
 19937 | Gauntlet | Found a large runed translucent door.
 19938 | Gauntlet | Found a large runed translucent door.
 19938 | Gauntlet | Found a large runed translucent door.
 19939 | Gauntlet | Found a runed translucent gate.
 19939 | Gauntlet | Found a runed translucent gate.
 19939 | Gauntlet | Found a runed translucent gate.
 19942 | Gauntlet | Found a transporter.
 19951 | Gauntlet | Found a large runed translucent door.
 19951 | Gauntlet | Found a large runed translucent door.
 19952 | Gauntlet | Found a large runed translucent door.
 19953 | Gauntlet | Found a large runed translucent door.
 19957 | Gauntlet | Found a transporter.
 19962 | Gauntlet | Found a transporter.
 19981 | Gauntlet | Found a transporter.
 19996 | Gauntlet | Found a transporter.
 20008 | Gauntlet | Found a transporter.
 20020 | Gauntlet | Found a transporter.
 20032 | Gauntlet | Found a transporter.
 20038 | Gauntlet | Found a transporter.
 20038 | Gauntlet | Found a transporter.
 20053 | Gauntlet | Found a transporter.
 20070 | Gauntlet | Found a transporter.
 20090 | Gauntlet | Found a transporter.
 20117 | Gauntlet | Found a transporter.
 20117 | Gauntlet | Found a transporter.
 20133 | Gauntlet | Found a large runed translucent door.
 20133 | Gauntlet | Found a large runed translucent door.
 20134 | Gauntlet | Found a large runed translucent door.
 20135 | Gauntlet | Found a large runed translucent door.
 20137 | Gauntlet | Found a transporter.
 20217 | Gauntlet | Found a transporter.
 20401 | Gauntlet | Identified the ring "Uhieseiv" {Wiz Contam rPois SInv}
 20468 | Gauntlet | Identified the ring "Vefes" {*Corrode rC+ Str+6 Dex+2
                  | Stlth+}
 20492 | Gauntlet | Identified the +12 chain mail "Coeps" {*Corrode Will+ Str+5
                  | Int+6}
 20623 | Gauntlet | Identified the +8 flail "Hetisae" {pain, Str+4}
 20623 | Gauntlet | Identified the ring "Uneac" {rPois Str+6 Int+4 Dex+3
                  | Slay-6}
 20977 | D:14     | Reached skill level 20 in Maces & Flails
 21295 | D:14     | Found a gate to the Vaults.
 21593 | Shoals:1 | Entered Level 1 of the Shoals
 21743 | Shoals:1 | Identified the +4 longbow "Muodosu" {flame, rElec}
 21841 | Shoals:1 | Reached skill level 5 in Dodging
 21841 | Shoals:1 | Reached XP level 16. HP: 78/78 MP: 20/20
 21952 | Shoals:1 | Reached skill level 5 in Armour
 21953 | Shoals:1 | Found a large runed translucent door.
 21953 | Shoals:1 | Found a large runed translucent door.
 21954 | Shoals:1 | Noticed Unonal's ghost (adept TeAE)
 22901 | Shoals:2 | HP: 1/78 [merfolk javelineer/silver javelin (11)]
 22901 | Shoals:2 | Hit by a silver javelin thrown by a merfolk javelineer

Illustrated notes

Levels and vault maps discovered:
D:1:      elethiomel_arrival_fortress_basement, layout_loops_ring
D:2:      layout_loops_ring, shapermc_ecumenical_altar_pompeii, serial_shops,
          shop
D:3:      layout_loops_ring, mainiacjoe_overflow_small_starburst,
          yredelemnul_altar_generic, marbit_many_paths, serial_co_window_serial,
          co_window_paths_a, co_window_corner_a, co_window_of_opportunity_a,
          co_window_paths_b, co_window_corner_a, co_window_corner_a,
          co_window_paths_b, co_window_of_opportunity_b, co_window_corner_b,
          co_window_corner_b, co_window_sun, co_window_4corner_b,
          glass_columns_b, glass_columns_a, glass_columns_a, glass_columns_c,
          uniq_robin
D:4:      layout_rooms, minmay_temple_entry_offerings
D:5:      layout_basic, vehumet_altar_wand_db, serial_shops, shop, shop,
          uniq_eustachio, uniq_grinder
D:6:      layout_cave_pools, nicolae_uskayaw_en_pointe,
          mainiacjoe_overflow_cross_hatched, serial_rivers,
          chequers_serial_rivers_micro_e, chequers_serial_rivers_micro_c,
          chequers_serial_rivers_room_a, chequers_serial_rivers_micro_c,
          chequers_serial_rivers_small_3, kb_rosetta
D:7:      layout_basic, mainiacjoe_overflow_large_starburst,
          minmay_strange_pillars, hangedman_decor_peaks_small, st_stairs_13,
          corexii_hall_statues_x, dreamdust_wishing_well, nicolae_beast_mode
D:8:      layout_gridville, grunt_temple_overflow_opulence
D:9:      layout_big_octagon, jmf_multi_god_temple2, grunt_decor_resistance
D:10:     layout_cave_pools, erik_lair_dragon, david_orc_1_choice
D:11:     layout_cave_pools, uniq_grum
D:12:     layout_loops_ring, gammafunk_ghost_grave, lightli_airlock,
          uniq_josephine
D:13:     layout_loops_ring, billiards_dpeg, uniq_rupert
D:14:     layout_basic, hellmonk_vaults_keyhole, gauntlet_entry_generic
Temple:   zaba_magenta_temple
Lair:1:   layout_gridlike, grunt_megastairs_5
Lair:2:   layout_roguey, basic_altar, beast_lair_carwin_2, grunt_megastairs_1,
          lemuel_fruit_tree
Lair:3:   layout_cellular_growth, minmay_shoals_entry_lonely_mermaid,
          hellmonk_spider_entry_life_and_decay, chequers_serial_rivers_micro_d
Lair:4:   layout_hall_layers
Lair:5:   minmay_lair_end_frog_pond, layout_gridlike, slime_entry_1,
          hibernation_bobbens, grunt_megastairs_3
Shoals:1: layout_shoals, ebering_ghost_disaster_area, nicolae_shoals_mertower
Shoals:2: layout_shoals, minmay_shop_enchanted_jewellery,
          nicolae_shoals_seven_spires, nicolae_shoals_pincushion_passage
Orc:1:    layout_caves, enter_volcano_1, uniq_gastronok
Orc:2:    st_orc_rangers, layout_diamond_mine

Skill      XL: |  1  2  3  4  5  6  7  8  9 10 11 12 13 14 15 16 |
---------------+-------------------------------------------------+-----
Maces & Flails | 1 2 3 4 5 7 8 11 14 15 18 20 | 20.0
Fighting       | 3 5 6 7 10 11 | 11.0
Dodging        | 2 3 4 5 6 |  6.1
Invocations    | 4 |  4.0
Evocations     | 3 7 9 |  9.0
Armour         | 2 4 6 |  6.6
Short Blades   | |  1.8
Stealth        | |  6.0

Action                     |  1- 3 |  4- 6 |  7- 9 | 10-12 | 13-15 | 16-18 || total
---------------------------+-------+-------+-------+-------+-------+-------++-------
  Melee: Short sword       |    17 |       |       |       |       |       ||    17
         Bite              |    18 |    31 |    78 |   196 |   324 |    40 ||   687
         Dagger            |    69 |    92 |    97 |       |       |       ||   258
         Punch             |     2 |     2 |     5 |     4 |       |       ||    13
         Whip              |       |       |   102 |   181 |       |       ||   283
         Mace              |       |       |    15 |       |       |       ||    15
         Dire flail        |       |       |       |   328 |   220 |       ||   548
         Great mace        |       |       |       |       |   740 |   117 ||   857
  Throw: Dart              |       |    14 |     3 |    61 |    15 |       ||    93
 Invoke: Ancestor Life: Kn |     1 |       |       |       |       |       ||     1
         Recall Ancestor   |       |     1 |     4 |     2 |     7 |       ||    14
         Transference      |       |       |       |       |     7 |       ||     7
         Idealise          |       |       |       |       |     1 |       ||     1
  Evoke: Wand              |       |       |    20 |    19 |    29 |    12 ||    80
         Box of beasts     |       |       |       |     3 |     2 |     1 ||     6
    Use: Scroll            |       |       |     9 |     4 |    21 |     3 ||    37
         Potion            |       |       |       |     1 |     2 |       ||     3
   Stab: Sleeping          |    11 |     3 |     8 |     6 |    12 |       ||    40
         Distracted        |       |       |     1 |     5 |     7 |     2 ||    15
         Invisible         |       |       |       |       |     1 |       ||     1
 Armour: Leather armour    |     3 |       |    96 |   211 |   410 |       ||   720
         Ring mail         |    37 |    61 |    13 |       |       |       ||   111
         Skin              |       |       |       |       |    13 |       ||    13
         Chain mail        |       |       |       |       |    72 |    92 ||   164
  Dodge: Dodged            |    39 |    43 |   159 |   261 |   646 |    63 ||  1211

Table legend: (Time is in decaauts)
 A = Elapsed time spent in this place.
 B = Non-inter-level travel time spent in this place.
 C = Inter-level travel time spent in this place.
 D = Time resting spent in this place.
 E = Time spent auto-exploring this place.
 F = Levels seen in this place.
 G = Mean time per level.
                   A        B        C        D        E       F      G
               +--------+--------+--------+--------+--------+-----+--------+
         Total |  22366 |  19894 |   2472 |   1062 |  13840 |  25 |  894.6 |
       Dungeon |  12624 |  10819 |   1805 |    557 |   7776 |  14 |  901.7 |
        Temple |      1 |      1 |      0 |      0 |      0 |   1 |    1.0 |
          Lair |   6464 |   5939 |    525 |    292 |   4243 |   5 | 1292.8 |
        Shoals |   1347 |   1266 |     81 |     66 |    823 |   2 |  673.5 |
  Orcish Mines |   1226 |   1168 |     58 |     88 |    717 |   2 |  613.0 |
      Gauntlet |    701 |    701 |      0 |     59 |    280 |   1 |  701.0 |
               +--------+--------+--------+--------+--------+-----+--------+

Top non-repeatable levels by time:
  Lair:3: 1744 daAuts
  Lair:5: 1553 daAuts
    D:10: 1402 daAuts
     D:5: 1287 daAuts
  Lair:4: 1278 daAuts
Shoals:1: 1069 daAuts
  Lair:1: 1060 daAuts
     D:7: 1010 daAuts
     D:3: 1005 daAuts
     D:8: 932 daAuts
     D:6: 907 daAuts
     D:9: 894 daAuts
    D:14: 878 daAuts
    D:13: 870 daAuts
  Lair:2: 827 daAuts
